[ PARTIDA AOE2 · #495742771 ]
UnrankedPortugueses vs Slavs
Equipo del jugador · VICT
Equipo rival · DERR
[ ANÁLISIS DE REPETICIÓN · EXTRAÍDO DE LA PARTIDA GRABADA ]
Feudal
11:16
Castillos
16:17
Imperial
—
| APM promedio | 50.0 |
| APM pico | 86 |
| eAPM promedio | 19.8 |
| Aldeanos / militares | 33 / 36 |
Foco
⚔️ 30.8% · 🌾 69.2%
Organ Gun ×26 · Battering Ram ×10
Feudal
9:24
Castillos
—
Imperial
—
| APM promedio | 51.4 |
| APM pico | 78 |
| eAPM promedio | 21.3 |
| Aldeanos / militares | 52 / 27 |
Foco
⚔️ 28.6% · 🌾 71.4%
Militia ×13 · Scout Cavalry ×9 · Skirmisher ×4 · Spearman ×1
Mapa de la partida
Recursos iniciales + cada clic de construcción. Líneas = muros · curvas = relieve. ◆ oro · ⬟ piedra · ● bayas · ✦ reliquia · ◌ hueco del cierre
Tu base· ✓ Cerrada en 16:17 · 73t muro · 1 puerta(s)
Base de -d· Abierta — el rival se encerró
Terreno inicial suavizado · ◌ = hueco del cierre detectado · pasá el cursor para detalles
Inputs por minuto
— LRNI_altoguiso - - -d
Build order — LRNI_altoguiso
120 acciones detectadas en el replay
| 0:01 | Crear | Villager (Male) |
| 0:01 | Crear | Villager (Male) |
| 0:01 | Crear | Villager (Male) |
| 0:02 | Construir | House |
| 0:04 | Construir | House |
| 0:08 | Crear | Villager (Male) |
| 0:09 | Crear | Villager (Male) |
| 1:27 | Crear | Villager (Male) |
| 1:28 | Crear | Villager (Male) |
| 1:45 | Crear | Villager (Male) |
| 1:46 | Crear | Villager (Male) |
| 1:55 | Construir | Lumber Camp |
| 2:08 | Crear | Villager (Male) |
| 2:09 | Crear | Villager (Male) |
| 2:32 | Crear | Villager (Male) |
| 2:32 | Crear | Villager (Male) |
| 3:04 | Crear | Villager (Male) |
| 3:05 | Crear | Villager (Male) |
| 3:31 | Crear | Villager (Male) |
| 3:32 | Crear | Villager (Male) |
| 3:46 | Crear | Villager (Male) |
| 3:47 | Crear | Villager (Male) |
| 3:56 | Construir | House |
| 3:59 | Construir | Palisade Wall |
| 4:07 | Crear | Villager (Male) |
| 4:30 | Crear | Villager (Male) |
| 4:45 | Construir | Mill |
| 4:54 | Crear | Villager (Male) |
| 4:54 | Crear | Villager (Male) |
| 4:55 | Crear | Villager (Male) |
| 5:18 | Crear | Villager (Male) |
| 5:19 | Crear | Villager (Male) |
| 5:19 | Crear | Villager (Male) |
| 5:47 | Construir | House |
| 6:13 | Crear | Villager (Male) |
| 6:26 | Construir | Palisade Wall |
| 7:08 | Crear | Villager (Male) |
| 7:36 | Crear | Villager (Male) |
| 8:00 | Crear | Villager (Male) |
| 8:24 | Investigar | Loom |
| 8:25 | Investigar | Feudal Age |
| 8:31 | Construir | Palisade Wall |
| 8:37 | Construir | House |
| 8:38 | Construir | Palisade Wall |
| 8:40 | Construir | Palisade Wall |
| 9:13 | Construir | Palisade Wall |
| 9:17 | Construir | Palisade Gate |
| 9:37 | Construir | Palisade Wall |
| 9:40 | Construir | Palisade Wall |
| 9:50 | Construir | Mining Camp |
| 10:37 | Construir | Palisade Wall |
| 10:39 | Construir | Palisade Wall |
| 11:14 | Construir | Palisade Wall |
| 11:16 | Edad | Edad Feudal |
| 11:18 | Crear | Villager (Male) |
| 11:21 | Construir | Blacksmith |
| 11:31 | Construir | Market |
| 11:36 | Construir | Palisade Wall |
| 12:14 | Construir | House |
| 12:17 | Construir | Palisade Wall |
| 13:37 | Investigar | Castle Age |
| 13:37 | Investigar | Castle Age |
| 13:40 | Construir | House |
| 13:43 | Construir | Palisade Wall |
| 13:54 | Construir | Watch Tower |
| 14:04 | Construir | Watch Tower |
| 14:15 | Construir | House |
| 15:14 | Construir | Palisade Wall |
| 15:29 | Construir | Watch Tower |
| 15:32 | Construir | House |
| 16:12 | Construir | House |
| 16:17 | Edad | Edad de los Castillos |
| 16:20 | Crear | Villager (Male) |
| 16:37 | Construir | House |
| 16:38 | Construir | House |
| 17:35 | Construir | House |
| 18:07 | Construir | House |
| 18:24 | Construir | Castle |
| 18:41 | Construir | Mining Camp |
| 19:37 | Crear | Organ Gun |
| 19:37 | Crear | Organ Gun |
| 20:05 | Crear | Organ Gun |
| 20:06 | Crear | Organ Gun |
| 20:22 | Construir | Lumber Camp |
| 20:31 | Crear | Organ Gun |
| 20:31 | Crear | Organ Gun |
| 20:50 | Crear | Organ Gun |
| 20:50 | Crear | Organ Gun |
| 21:30 | Crear | Organ Gun |
| 21:31 | Crear | Organ Gun |
| 21:44 | Construir | Siege Workshop |
| 21:56 | Crear | Organ Gun |
| 22:25 | Crear | Organ Gun |
| 22:25 | Crear | Organ Gun |
| 22:56 | Crear | Organ Gun |
| 22:56 | Crear | Organ Gun |
| 23:19 | Construir | Palisade Wall |
| 23:28 | Crear | Battering Ram |
| 23:28 | Crear | Battering Ram |
| 23:28 | Crear | Battering Ram |
| 23:31 | Crear | Organ Gun |
| 23:32 | Crear | Organ Gun |
| 24:10 | Construir | Siege Workshop |
| 24:34 | Crear | Organ Gun |
| 24:34 | Crear | Organ Gun |
| 24:50 | Crear | Organ Gun |
| 24:50 | Crear | Organ Gun |
| 25:05 | Crear | Organ Gun |
| 25:05 | Crear | Organ Gun |
| 25:30 | Crear | Battering Ram |
| 25:30 | Crear | Battering Ram |
| 25:40 | Construir | Outpost |
| 25:45 | Crear | Organ Gun |
| 25:45 | Crear | Organ Gun |
| 26:14 | Crear | Battering Ram |
| 26:48 | Crear | Battering Ram |
| 26:49 | Crear | Battering Ram |
| 27:22 | Crear | Battering Ram |
| 27:22 | Crear | Battering Ram |
| 27:37 | Crear | Organ Gun |
Build order — -d
Primeras 150 de 168 acciones detectadas
| 0:01 | Crear | Villager (Male) |
| 0:02 | Crear | Villager (Male) |
| 0:03 | Construir | House |
| 0:05 | Construir | House |
| 0:19 | Crear | Villager (Male) |
| 0:46 | Crear | Villager (Male) |
| 1:26 | Crear | Villager (Male) |
| 1:58 | Crear | Villager (Male) |
| 2:00 | Construir | Lumber Camp |
| 2:24 | Crear | Villager (Male) |
| 3:00 | Crear | Villager (Male) |
| 3:01 | Crear | Villager (Male) |
| 3:14 | Construir | House |
| 3:26 | Crear | Villager (Male) |
| 3:26 | Crear | Villager (Male) |
| 3:46 | Crear | Villager (Male) |
| 4:12 | Crear | Villager (Male) |
| 4:15 | Crear | Villager (Male) |
| 4:21 | Construir | Palisade Wall |
| 4:48 | Crear | Villager (Male) |
| 4:52 | Construir | Mill |
| 5:00 | Crear | Villager (Male) |
| 5:39 | Construir | House |
| 5:41 | Crear | Villager (Male) |
| 6:15 | Investigar | Loom |
| 6:15 | Investigar | Loom |
| 6:46 | Crear | Villager (Male) |
| 7:14 | Investigar | Feudal Age |
| 7:22 | Construir | Mill |
| 7:46 | Crear | Villager (Male) |
| 7:54 | Crear | Villager (Male) |
| 8:21 | Construir | Barracks |
| 8:22 | Construir | House |
| 8:42 | Crear | Villager (Male) |
| 8:59 | Construir | House |
| 9:21 | Crear | Villager (Male) |
| 9:24 | Edad | Edad Feudal |
| 9:38 | Construir | Stable |
| 9:43 | Construir | Palisade Gate |
| 9:53 | Construir | House |
| 9:57 | Construir | Palisade Wall |
| 10:07 | Crear | Spearman |
| 10:16 | Crear | Villager (Male) |
| 10:30 | Construir | Palisade Gate |
| 10:33 | Crear | Scout Cavalry |
| 10:33 | Crear | Scout Cavalry |
| 10:39 | Crear | Villager (Male) |
| 11:07 | Crear | Villager (Male) |
| 11:10 | Construir | House |
| 11:15 | Construir | Palisade Wall |
| 11:21 | Construir | Blacksmith |
| 11:26 | Construir | Palisade Wall |
| 11:27 | Crear | Villager (Male) |
| 11:50 | Crear | Scout Cavalry |
| 11:51 | Crear | Scout Cavalry |
| 12:00 | Construir | Farm |
| 12:02 | Construir | Farm |
| 12:15 | Crear | Scout Cavalry |
| 12:22 | Construir | Palisade Wall |
| 12:42 | Construir | Mining Camp |
| 12:49 | Crear | Villager (Male) |
| 13:00 | Construir | Watch Tower |
| 13:05 | Construir | House |
| 13:33 | Crear | Villager (Male) |
| 13:41 | Construir | Watch Tower |
| 13:50 | Construir | Farm |
| 14:03 | Crear | Villager (Male) |
| 14:07 | Construir | Farm |
| 14:18 | Construir | Farm |
| 14:41 | Construir | Palisade Wall |
| 14:42 | Construir | Palisade Wall |
| 14:42 | Construir | Palisade Wall |
| 14:44 | Construir | Palisade Wall |
| 14:44 | Construir | Palisade Wall |
| 14:45 | Construir | Palisade Wall |
| 14:46 | Construir | Palisade Wall |
| 14:47 | Construir | Palisade Wall |
| 14:48 | Construir | Palisade Wall |
| 14:53 | Crear | Villager (Male) |
| 14:55 | Construir | Farm |
| 14:55 | Crear | Villager (Male) |
| 15:08 | Construir | Watch Tower |
| 15:19 | Crear | Villager (Male) |
| 15:22 | Construir | Farm |
| 15:24 | Construir | Farm |
| 15:25 | Construir | Farm |
| 16:08 | Crear | Villager (Male) |
| 16:14 | Crear | Villager (Male) |
| 16:26 | Crear | Villager (Male) |
| 16:29 | Investigar | Man-at-Arms (upgrade) |
| 16:29 | Investigar | Man-at-Arms (upgrade) |
| 16:35 | Construir | Barracks |
| 16:38 | Crear | Villager (Male) |
| 16:42 | Construir | Farm |
| 16:43 | Crear | Villager (Male) |
| 17:04 | Crear | Scout Cavalry |
| 17:08 | Crear | Villager (Male) |
| 17:12 | Construir | Mining Camp |
| 17:34 | Crear | Villager (Male) |
| 18:00 | Crear | Scout Cavalry |
| 18:06 | Construir | Watch Tower |
| 18:06 | Crear | Villager (Male) |
| 18:09 | Crear | Militia |
| 18:22 | Construir | Outpost |
| 18:28 | Crear | Villager (Male) |
| 18:30 | Construir | Farm |
| 18:31 | Crear | Militia |
| 18:35 | Crear | Villager (Male) |
| 18:50 | Construir | Watch Tower |
| 18:53 | Crear | Villager (Male) |
| 18:55 | Construir | Farm |
| 19:00 | Crear | Militia |
| 19:13 | Crear | Militia |
| 19:15 | Crear | Militia |
| 19:17 | Construir | Farm |
| 19:24 | Construir | Market |
| 19:25 | Crear | Villager (Male) |
| 19:49 | Crear | Militia |
| 20:01 | Construir | Watch Tower |
| 20:03 | Crear | Villager (Male) |
| 20:08 | Construir | Farm |
| 20:14 | Crear | Villager (Male) |
| 20:15 | Crear | Militia |
| 20:17 | Crear | Militia |
| 20:28 | Crear | Villager (Male) |
| 20:33 | Construir | Farm |
| 20:35 | Construir | Farm |
| 20:44 | Crear | Militia |
| 20:49 | Construir | House |
| 20:56 | Crear | Militia |
| 21:01 | Construir | Farm |
| 21:05 | Construir | House |
| 21:06 | Construir | House |
| 21:24 | Crear | Militia |
| 21:34 | Construir | Farm |
| 21:50 | Crear | Militia |
| 22:07 | Crear | Militia |
| 22:20 | Crear | Scout Cavalry |
| 22:26 | Construir | Mining Camp |
| 22:28 | Crear | Scout Cavalry |
| 22:38 | Construir | Archery Range |
| 22:38 | Crear | Villager (Male) |
| 22:42 | Construir | House |
| 22:43 | Construir | Palisade Wall |
| 23:03 | Crear | Villager (Male) |
| 23:19 | Construir | Farm |
| 23:19 | Construir | Farm |
| 23:20 | Crear | Villager (Male) |
| 23:55 | Crear | Skirmisher |
| 23:56 | Crear | Skirmisher |
Cronología de la partida
| 3:59 | LRNI_altoguiso · wall_segment Palisade Wall x10 |
| 4:21 | -d · wall_segment Palisade Wall x1 |
| 6:26 | LRNI_altoguiso · wall_segment Palisade Wall x14 |
| 8:21 | -d · first_building Barracks |
| 8:31 | LRNI_altoguiso · wall_segment Palisade Wall x18 |
| 8:38 | LRNI_altoguiso · wall_segment Palisade Wall x2 |
| 8:40 | LRNI_altoguiso · wall_segment Palisade Wall x3 |
| 9:13 | LRNI_altoguiso · wall_segment Palisade Wall x2 |
| 9:24 | -d · age_up feudal |
| 9:37 | LRNI_altoguiso · wall_segment Palisade Wall x8 |
| 9:38 | -d · first_building Stable |
| 9:40 | LRNI_altoguiso · wall_segment Palisade Wall x7 |
| 9:57 | -d · wall_segment Palisade Wall x4 |
| 10:37 | LRNI_altoguiso · wall_segment Palisade Wall x2 |
| 10:39 | LRNI_altoguiso · wall_segment Palisade Wall x3 |
| 11:14 | LRNI_altoguiso · wall_segment Palisade Wall x1 |
| 11:15 | -d · wall_segment Palisade Wall x3 |
| 11:16 | LRNI_altoguiso · age_up feudal |
| 11:26 | -d · wall_segment Palisade Wall x3 |
| 11:36 | LRNI_altoguiso · wall_segment Palisade Wall x1 |
| 12:17 | LRNI_altoguiso · wall_segment Palisade Wall x5 |
| 12:22 | -d · wall_segment Palisade Wall x3 |
| 12:34 | LRNI_altoguiso · first_market_sell 100 stone |
| 12:35 | LRNI_altoguiso · first_market_buy 100 food |
| 13:43 | LRNI_altoguiso · wall_segment Palisade Wall x1 |
| 14:41 | -d · wall_segment Palisade Wall x1 |
| 14:42 | -d · wall_segment Palisade Wall x1 |
| 14:42 | -d · wall_segment Palisade Wall x1 |
| 14:44 | -d · wall_segment Palisade Wall x1 |
| 14:44 | -d · wall_segment Palisade Wall x1 |
| 14:45 | -d · wall_segment Palisade Wall x1 |
| 14:46 | -d · wall_segment Palisade Wall x1 |
| 14:47 | -d · wall_segment Palisade Wall x1 |
| 14:48 | -d · wall_segment Palisade Wall x1 |
| 15:14 | LRNI_altoguiso · wall_segment Palisade Wall x1 |
| 16:17 | LRNI_altoguiso · age_up castle |
| 18:24 | LRNI_altoguiso · first_building Castle |
| 21:44 | LRNI_altoguiso · first_building Siege Workshop |
| 22:38 | -d · first_building Archery Range |
| 22:43 | -d · wall_segment Palisade Wall x6 |
| 23:19 | LRNI_altoguiso · wall_segment Palisade Wall x1 |
| 27:41 | -d · first_market_sell 100 stone |
| 27:50 | -d · resign |
[ ANÁLISIS IA · 1 CRÉDITO ]
¿Qué pasó realmente en esta partida?
Wolo.gg analiza cada decisión: build order, eco, micro, errores típicos por bracket. Análisis personalizado por WhatsApp o Discord en 30 segundos.
Guía civ
Portugueses
Perfil
LRNI_altoguiso